 Dungeon Crawl Stone Soup version 0.30-a0-629-gd54f4be4f7 (webtiles) character file.

Game seed: 12976480839184610763

223 acebull12 the Covered (level 5, 0/42 HPs)
             Began as a Demonspawn Fighter on Jan 12, 2023.
             Slain by Duvessa
             ... wielding a +0 rapier
              (4 damage)
             ... on level 4 of the Dungeon.
             The game lasted 00:05:52 (3299 turns).

acebull12 the Covered (Demonspawn Fighter)          Turns: 3299, Time: 00:05:53

Health: 0/42       AC: 11    Str: 24    XL:     5   Next: 66%
Magic:  5/5        EV:  7    Int: 10    God:
Gold:   191        SH:  4    Dex: 12    Spells: 4/4 levels left

rFire   . . .      SeeInvis .    j - +1 falchion (elec)
rCold   . . .      Faith    .    c - +0 buckler
rNeg    . . .      Spirit   .    s - +0 chain mail
rPois   .          Reflect  .    (no helmet)
rElec   .          Harm     .    (no cloak)
rCorr   .          Rampage  .    (no gloves)
Will    .....                    (no boots) Stlth
                                 (no amulet)
HPRegen 0.27/turn                r - +6 ring of strength
MPRegen 0.09/turn                (no ring)

@: no status effects
A: molten scales 1, demonic magic 1, weakness stinger 1
a: no special abilities


You were on level 4 of the Dungeon.
You visited 1 branch of the dungeon, and saw 4 of its levels.

You collected 191 gold pieces.

Inventory:

Hand Weapons
 a - a +0 long sword
 j - a +1 falchion of electrocution (weapon)
 z - a +1 antimagic halberd
Missiles
 i - 45 stones (quivered)
 l - 2 javelins
Armour
 b - a +0 scale mail
 c - a +0 buckler (worn)
 s - a +0 chain mail (worn)
Jewellery
 r - a +6 ring of strength (left hand)
 y - a ring of magical power
Scrolls
 e - 7 scrolls of identify {unknown}
 f - 2 scrolls of teleportation {unknown}
 o - a scroll of enchant armour {unknown}
 p - a scroll of immolation {unknown}
 u - a scroll of vulnerability {unknown}
 v - a scroll of blinking {unknown}
 x - a scroll of amnesia {unknown}
 A - a scroll of magic mapping {unknown}
Potions
 d - 3 potions of might
 g - 2 potions of curing {unknown}
 h - 2 potions of ambrosia {unknown}
 k - a potion of flight {unknown}
 m - 2 potions of heal wounds {unknown}
 n - a potion of attraction {unknown}
 q - a potion of resistance {unknown}
 t - a potion of brilliance {unknown}
 w - 2 potions of mutation {unknown}
 B - a potion of cancellation {unknown}


   Skills:
 + Level 3.7 Fighting
 * Level 3.4 Long Blades
 * Level 4.1 Armour
 + Level 0.3 Dodging
 + Level 0.1 Stealth
 * Level 3.1 Shields


You had 4 spell levels left.
You didn't know any spells.
Your spell library contained the following spells:

 Spells                   Type           Power      Damage    Failure   Level
 Cigotuvi's Dreadful Rot  Necr/Pois/Air  0%         N/A       99%         2
 Poisonous Vapours        Pois/Air       0%         N/A       99%         2
 Mephitic Cloud           Conj/Pois/Air  0%         N/A       100%        3
 Ozocubu's Armour         Ice            0%         N/A       100%        3
 Dispel Undead            Necr           0%         3d6       100%        4
 Necromutation            Tmut/Necr      0%         N/A       100%        8


Dungeon Overview and Level Annotations

Branches:
Dungeon (4/15)
 Temple: D:4-7

Altars:
Gozag
Qazlal

Annotations:
D:4 Dowan, Duvessa


Innate Abilities, Weirdness & Mutations

You are partially covered in molten scales. (AC +2)
Spells you cast may paralyse adjacent enemies.
You have a small tail.


Message History

There is a stone staircase leading up here.
Duvessa shouts!
Dowan shouts!
Dowan gestures at you while chanting. You resist with some effort.
Dowan gestures at Duvessa while chanting.
Duvessa seems to speed up.
Duvessa hits you with a +0 rapier! Duvessa hits you with a +0 rapier.
Duvessa attacks as you move away! Duvessa hits you with a +0 rapier!
Duvessa attacks as you move away! Duvessa hits you with a +0 rapier! x2
* * * LOW HITPOINT WARNING * * *
Duvessa attacks as you move away! Duvessa hits you with a +0 rapier.
* * * LOW HITPOINT WARNING * * *
Duvessa closely misses you.
Duvessa says, "Where magic fails, the sword succeeds!"
Duvessa hits you with a +0 rapier.
* * * LOW HITPOINT WARNING * * *
Duvessa attacks as you move away! Duvessa hits you but does no damage.
Dowan casts a spell.
Dowan blinks!
Duvessa hits you but does no damage.
Duvessa says, "Where magic fails, the sword succeeds!"
Duvessa hits you with a +0 rapier.
* * * LOW HITPOINT WARNING * * *
Dowan says, "There's a certain beauty in death, don't you think?"
Duvessa barely misses you.
Dowan gestures wildly while chanting.
Dowan blinks!
Duvessa hits you with a +0 rapier.
* * * LOW HITPOINT WARNING * * *
Duvessa hits you but does no damage. Duvessa attacks as you move away!
Duvessa hits you but does no damage.
Duvessa says, "When magic and the sword combine, nothing stands against them."
Duvessa barely misses you. Duvessa closely misses you.
Duvessa says, "My weaknesses are his strengths!"
You block Duvessa's attack.
There is a stone staircase leading down here.
Duvessa attacks as you move away! Duvessa hits you but does no damage.
Duvessa is no longer moving quickly.
Duvessa hits you with a +0 rapier.
You die...

#.#.# #.##.#......))......
#...# #.##.#.##...........
###.# #.##.#.###....#.####
#.# ##.##.#.##..####.#
#.######.......##..####.####
#...........#..........#....
########......##...####.##..
##.##.#.....# #.##..
#.<@e.e###.####.##..
####...# #......###.
###.###.......##.
#..............
###############


You could see Duvessa and Dowan.

Vanquished Creatures
  A scorpion (D:4)
  6 adders
  3 gnolls (D:4)
  A worm (D:4)
  A dart slug (D:1)
  An orc (D:3)
  3 ball pythons
  4 bats
  5 endoplasms
  5 giant cockroaches
  10 goblins
  2 hobgoblins
  6 jackals
  5 quokkas
  4 frilled lizards
  11 kobolds
  5 rats
73 creatures vanquished.

Notes
Turn   | Place    | Note
-------+----------+-------------------------------------------
     0 | D:1      | acebull12 the Demonspawn Fighter began the quest for the
                  | Orb.
     0 | D:1      | Reached XP level 1. HP: 18/18 MP: 1/1
    64 | D:1      | Found an opulent altar of Gozag.
    70 | D:1      | Gained mutation: You have a small tail. [demonic ancestry]
    70 | D:1      | Reached XP level 2. HP: 24/24 MP: 2/2
   128 | D:1      | Reached skill level 3 in Armour
   644 | D:1      | Reached XP level 3. HP: 29/29 MP: 3/3
  2126 | D:3      | Gained mutation: You are partially covered in molten
                  | scales. (AC +2) [demonic ancestry]
  2126 | D:3      | Reached XP level 4. HP: 26/35 MP: 4/4
  2286 | D:3      | Found a stormy altar of Qazlal.
  2483 | D:4      | Noticed a scorpion
  2499 | D:4      | Killed a scorpion
  2500 | D:4      | Gained mutation: Spells you cast may paralyse adjacent
                  | enemies. [demonic ancestry]
  2500 | D:4      | Reached XP level 5. HP: 33/41 MP: 5/5
  2562 | D:4      | Noticed Duvessa
  2562 | D:4      | Noticed Dowan
  2845 | D:4      | Got the Compendium of Frigid Malignant Words
  3052 | D:4      | Reached skill level 4 in Armour
  3289 | D:4      | HP: 1/42 [Duvessa/+0 rapier (3)]
  3299 | D:4      | Slain by Duvessa

Illustrated notes

Levels and vault maps discovered:
D:1:      dpeg_arrival_round_c, layout_loops_ring, minmay_hexomino_r4
D:2:      layout_basic, serial_glass, glass_columns_b, glass_columns_a,
          minivault_11
D:3:      layout_rooms, mainiacjoe_overflow_alcove_1
D:4:      layout_loops_ring, serial_bayou_pond_d, uniq_duvessa

Skill      XL: |  1  2  3  4  5 |
---------------+----------------+-----
Armour         | 3 4 |  4.1
Long Blades    | 2 3 |  3.4
Shields        | 3 |  3.1
Fighting       | |  3.7
Dodging        | |  0.3
Stealth        | |  0.1

Action                   |  1- 3 |  4- 6 || total
-------------------------+-------+-------++-------
Melee: Long sword        |    38 |       ||    38
       Falchion          |    79 |    77 ||   156
       Tailslap          |     9 |    10 ||    19
Armor: Scale mail        |    35 |       ||    35
       Chain mail        |    20 |    47 ||    67
Dodge: Dodged            |    49 |    40 ||    89
Block: Buckler           |    26 |    22 ||    48

Table legend: (Time is in decaauts)
 A = Elapsed time spent in this place.
 B = Non-inter-level travel time spent in this place.
 C = Inter-level travel time spent in this place.
 D = Time resting spent in this place.
 E = Time spent auto-exploring this place.
 F = Levels seen in this place.
 G = Mean time per level.
                   A        B        C        D        E       F      G
               +--------+--------+--------+--------+--------+-----+--------+
         Total |   3349 |   2963 |    386 |    211 |   2166 |   4 |  837.2 |
       Dungeon |   3349 |   2963 |    386 |    211 |   2166 |   4 |  837.2 |
               +--------+--------+--------+--------+--------+-----+--------+

Top non-repeatable levels by time:
     D:1: 1056 daAuts
     D:2: 1030 daAuts
     D:3: 641 daAuts
     D:4: 621 daAuts
